 Dungeon Crawl Stone Soup version 0.31.0-11-ge490571c62 (webtiles) character file.

Game seed: 5450640665025111462

977 qw the Skirmisher (level 7, -3/35 HPs)
             Began as a Spriggan Hunter on Feb 4, 2024.
             Was an Initiate of Okawaru.
             Killed by nerve-wracking pain
             ... invoked by an orc priest
              (14 damage)
             ... on level 5 of the Dungeon.
             The game lasted 00:02:57 (3892 turns).

qw the Skirmisher (Spriggan Hunter)                 Turns: 3892, Time: 00:02:58

Health: -3/35      AC:  3    Str: 13    XL:     7   Next: 95%
Magic:  7/7        EV: 23    Int: 10    God:    Okawaru [......]
Gold:   221        SH:  0    Dex: 21    Spells: 6/6 levels left

rFire   . . .        d - +3 shortbow (flame)
rCold   . . .        (shield currently unavailable)
rNeg    . . .        c - +0 robe
rPois   .            (helmet restricted)
rElec   .            e - +0 cloak
rCorr   .            (gloves unavailable)
SInv    +            (boots unavailable)
Will    +....        k - amulet of the acrobat
Stlth   ++           i - +6 ring of strength
HPRegen 0.25/turn    (no ring)
MPRegen 0.10/turn

%: acrobat
@: very quick
A: very small, no large weapons, unfitting armour, see invisible, speed 3, horns
1, low MP 1, MP-powered wands
a: Renounce Religion


You were on level 5 of the Dungeon.
You worshipped Okawaru.
Okawaru was noncommittal.
You visited 2 branches of the dungeon, and saw 6 of its levels.

You collected 221 gold pieces.


Innate Abilities, Weirdness & Mutations

You are very small and have problems with some larger weapons.
You are too small for most types of armour.
You have supernaturally acute eyesight. (SInv)
You cover ground extremely quickly. (Speed+++)
You have a pair of small horns on your head.
Your magical capacity is low. (-10% MP)
You expend magic power (3 MP) to strengthen your wands.


   Skills:
 - Level 2.0 Fighting
 - Level 8.1 Ranged Weapons
 + Level 7.9 Dodging
 - Level 1.5 Stealth


You had 6 spell levels left.
You didn't know any spells.
Your spell library was empty.

Inventory:

Hand Weapons
 d - a +3 shortbow of flaming (weapon)
Armour
 c - a +0 robe (worn)
 e - a +0 cloak (worn)
Jewellery
 i - a +6 ring of strength (left hand)
 k - an amulet of the acrobat (around neck)
Wands
 g - a wand of polymorph (13)
 j - a wand of flame (24)
 m - a wand of iceblast (8)
Scrolls
 a - 5 scrolls of identify
 n - 2 scrolls of teleportation
Potions
 b - a potion of enlightenment
 f - a potion of resistance
 h - a potion of mutation
 l - 4 potions of curing
 o - a potion of attraction {unknown}

Dungeon Overview and Level Annotations

Branches:
Dungeon (5/15)             Temple (1/1) D:4

Altars:
Ashenzari
Cheibriados
Dithmenos
Elyvilon
Fedhas
Gozag
Hepliaklqana
Kikubaaqudgha
Makhleb
Nemelex Xobeh
Okawaru
Ru
Sif Muna
Trog
Vehumet
Wu Jian
Yredelemnul
Zin
The Shining One

Shops:
D:5 :


Message History

The orc wizard is severely wounded.
The orc wizard hits you with a +0 dagger.
You shoot an arrow. The arrow hits the orc wizard!
The arrow burns the orc wizard.
You kill the orc wizard!
Okawaru accepts your kill.
The orc priest mumbles some strange prayers to Beogh against you.
Pain shoots through your body!
An orc wizard comes into view. It is wielding a +0 dagger.
You shoot an arrow. The arrow barely misses the orc priest.
The orc priest mumbles some strange prayers to Beogh against you.
You resist with significant effort.
You shoot an arrow. The arrow barely misses the orc priest.
The orc priest mumbles some strange prayers to Beogh against you.
Beogh smites you!
You shoot an arrow.
The arrow completely misses the orc priest.
The arrow closely misses the orc.
You shoot an arrow.
The arrow closely misses the orc priest.
The arrow hits the orc!
The arrow burns the orc.
You kill the orc!
Okawaru accepts your kill. The orc priest misses you.
You shoot an arrow.
The arrow hits the orc priest but does no damage.
The orc priest looks braver for a moment.
You shoot an arrow. The arrow hits the orc priest.
The arrow burns the orc priest.
The orc priest is lightly wounded.
You shoot an arrow. The arrow hits the orc priest.
The arrow burns the orc priest.
The orc priest is heavily wounded.
The orc wizard mumbles some strange words.
The orc wizard flickers and vanishes for a moment.
The orc priest misses you.
You shoot an arrow. The arrow barely misses the orc priest.
The orc priest mumbles some strange prayers to Beogh against you.
Pain shoots through your body!
You die...

#..#
#......
#..#
#......
#..# #
#.....#
#^.# .)
#.#.##
#..#
...
#...
#..#
...
#..#
).#
#..#..#
#.@o)#
#.o###
#...
#####


You could see an orc priest and an orc wizard (invisible).

Vanquished Creatures
  Sigmund (D:3)
  A water moccasin (D:5)
  Blork the orc (D:4)
  A scorpion (D:5)
  A bombardier beetle (D:5)
  A gnoll bouda (D:4)
  An iguana (D:3)
  Jessica (D:2)
  A sleepcap (D:4)
  Ijyb (D:3)
  5 orc wizards
  12 gnolls
  7 adders
  3 dart slugs
  A ribbon worm (D:4)
  19 orcs
  6 endoplasms
  2 giant cockroaches (D:1)
  4 goblins (D:1)
  10 hobgoblins
  3 jackals (D:2)
  8 quokkas
  7 ball pythons
  4 bats
  A frilled lizard (D:3)
  7 kobolds
  5 rats
  A spectral hobgoblin (D:2)
115 creatures vanquished.

Notes
Turn   | Place    | Note
-------+----------+-------------------------------------------
     0 | D:1      | qw the Spriggan Hunter began the quest for the Orb.
     0 | D:1      | Reached XP level 1. HP: 10/10 MP: 2/2
     0 | D:1      | 0 ||| qw: Version: 0.3-a-160-g6735b56
     0 | D:1      | 0 ||| qw: Game counter: 6038
     0 | D:1      | 0 ||| qw: Melee chars always use a shield: true
     0 | D:1      | 0 ||| qw: God list: Okawaru
     0 | D:1      | 0 ||| qw: Allow faded altars: false
     0 | D:1      | 0 ||| qw: Do Orc after clearing Dungeon:15 true
     0 | D:1      | 0 ||| qw: Do second Lair branch before Depths: true
     0 | D:1      | 0 ||| qw: Lair rune preference: random
     0 | D:1      | 0 ||| qw: Goals: Normal
     0 | D:1      | 0 ||| PLANNING D:1-11
    71 | D:1      | Reached skill level 3 in Dodging
   131 | D:1      | Reached XP level 2. HP: 14/14 MP: 3/3
   553 | D:1      | Reached XP level 3. HP: 18/18 MP: 4/4
   845 | D:1      | 845 ||| DROPPING ring of flight.
   846 | D:1      | 846 ||| READING scroll labelled UFOTEVY JURI.
   846 | D:1      | 846 ||| IDENTIFYING bubbling emerald potion
   847 | D:1      | 847 ||| READING scroll labelled KEUPSI ADIESOFF.
   848 | D:1      | 848 ||| DROPPING scroll of butterflies.
   882 | D:2      | 882 ||| STAIRDANCE
   886 | D:2      | 886 ||| STAIRDANCE
  1353 | D:2      | Reached skill level 5 in Ranged Weapons
  1406 | D:2      | Noticed Jessica
  1408 | D:2      | Killed Jessica
  1409 | D:2      | Reached XP level 4. HP: 7/22 MP: 5/5
  1410 | D:2      | 1410 ||| FLEEEEING.
  1412 | D:2      | 1412 ||| FLEEEEING.
  1413 | D:2      | 1413 ||| FLEEEEING.
  1414 | D:2      | 1414 ||| FLEEEEING.
  1415 | D:2      | 1415 ||| FLEEEEING.
  1416 | D:2      | 1416 ||| FLEEEEING.
  1417 | D:2      | 1417 ||| FLEEEEING.
  1418 | D:2      | 1418 ||| FLEEEEING.
  1419 | D:2      | 1419 ||| FLEEEEING.
  1420 | D:2      | 1420 ||| FLEEEEING.
  1421 | D:2      | 1421 ||| FLEEEEING.
  1422 | D:2      | 1422 ||| FLEEEEING.
  1423 | D:2      | 1423 ||| FLEEEEING.
  1424 | D:2      | 1424 ||| FLEEEEING.
  1425 | D:2      | 1425 ||| FLEEEEING.
  1426 | D:2      | 1426 ||| FLEEEEING.
  1427 | D:2      | 1427 ||| FLEEEEING.
  1428 | D:2      | 1428 ||| FLEEEEING.
  1429 | D:2      | 1429 ||| FLEEEEING.
  1430 | D:2      | 1430 ||| FLEEEEING.
  1431 | D:2      | 1431 ||| FLEEEEING.
  1432 | D:2      | 1432 ||| FLEEEEING.
  1577 | D:2      | You fall into a shaft and drop 1 floor!
  1612 | D:3      | Noticed Ijyb
  1631 | D:3      | Killed Ijyb
  1642 | D:3      | Reached XP level 5. HP: 26/26 MP: 6/6
  1671 | D:3      | 1671 ||| READING scroll of identify.
  1671 | D:3      | 1671 ||| IDENTIFYING bubbling coppery potion
  1672 | D:3      | 1672 ||| READING scroll labelled CIT YCYBLAZXIWNOR.
  1672 | D:3      | Identified a scroll of acquirement
  1672 | D:3      | 1672 ||| ACQUIRING +2 shortbow of flaming
  1672 | D:3      | Acquired a +2 shortbow of flaming
  1674 | D:3      | 1674 ||| SWAPPING to +2 shortbow of flaming.
  1675 | D:3      | 1675 ||| DROPPING +0 shortbow.
  1676 | D:3      | 1676 ||| READING 2 scrolls labelled LULOHUX UWACS.
  1679 | D:3      | 1679 ||| READING scroll labelled BERAAT IBLAFAO.
  1680 | D:3      | 1680 ||| READING scroll labelled VEWO WEIVUD.
  1680 | D:3      | 1680 ||| ENCHANTING +2 shortbow of flaming.
  1681 | D:3      | 1681 ||| READING scroll labelled CIYHICVU SAPO.
  1782 | D:3      | 1782 ||| DRINKING 2 bubbling ruby potions.
  1818 | D:3      | 1818 ||| FLEEEEING.
  1819 | D:3      | 1819 ||| FLEEEEING.
  1820 | D:3      | 1820 ||| DRINKING 2 murky yellow potions.
  1820 | D:3      | Gained mutation: Your magical capacity is low. (-10% MP)
                  | [potion of mutation]
  1820 | D:3      | Gained mutation: You have a pair of small horns on your
                  | head. [potion of mutation]
  1820 | D:3      | Gained mutation: You expend magic power (3 MP) to
                  | strengthen your wands. [potion of mutation]
  1823 | D:3      | 1823 ||| FLEEEEING.
  1825 | D:3      | 1825 ||| FLEEEEING.
  1827 | D:3      | 1827 ||| FLEEEEING.
  1828 | D:3      | 1828 ||| FLEEEEING.
  1829 | D:3      | 1829 ||| FLEEEEING.
  1830 | D:3      | 1830 ||| FLEEEEING.
  1831 | D:3      | 1831 ||| FLEEEEING.
  1832 | D:3      | 1832 ||| FLEEEEING.
  1839 | D:3      | 1839 ||| FLEEEEING.
  1840 | D:3      | 1840 ||| FLEEEEING.
  1841 | D:3      | 1841 ||| FLEEEEING.
  1842 | D:3      | 1842 ||| FLEEEEING.
  1843 | D:3      | 1843 ||| FLEEEEING.
  1844 | D:3      | 1844 ||| FLEEEEING.
  1845 | D:3      | 1845 ||| FLEEEEING.
  1846 | D:3      | 1846 ||| FLEEEEING.
  1849 | D:3      | 1849 ||| FLEEEEING.
  1850 | D:3      | 1850 ||| FLEEEEING.
  1851 | D:3      | 1851 ||| FLEEEEING.
  1852 | D:3      | 1852 ||| FLEEEEING.
  1854 | D:3      | 1854 ||| FLEEEEING.
  1855 | D:3      | 1855 ||| FLEEEEING.
  1856 | D:3      | 1856 ||| FLEEEEING.
  1857 | D:3      | 1857 ||| FLEEEEING.
  1858 | D:3      | 1858 ||| FLEEEEING.
  1859 | D:3      | 1859 ||| FLEEEEING.
  1860 | D:3      | 1860 ||| FLEEEEING.
  1861 | D:3      | 1861 ||| FLEEEEING.
  1862 | D:3      | 1862 ||| FLEEEEING.
  1863 | D:3      | 1863 ||| FLEEEEING.
  1864 | D:3      | 1864 ||| FLEEEEING.
  1866 | D:3      | 1866 ||| FLEEEEING.
  1867 | D:3      | 1867 ||| FLEEEEING.
  1868 | D:3      | 1868 ||| FLEEEEING.
  1869 | D:3      | 1869 ||| FLEEEEING.
  1870 | D:3      | 1870 ||| FLEEEEING.
  1871 | D:3      | 1871 ||| FLEEEEING.
  1872 | D:3      | 1872 ||| FLEEEEING.
  1873 | D:3      | 1873 ||| FLEEEEING.
  1874 | D:3      | 1874 ||| FLEEEEING.
  1907 | D:2      | Found a faded altar of an unknown god.
  2029 | D:3      | 2029 ||| FLEEEEING.
  2031 | D:3      | 2031 ||| FLEEEEING.
  2032 | D:3      | 2032 ||| FLEEEEING.
  2034 | D:3      | 2034 ||| FLEEEEING.
  2087 | D:3      | Noticed Sigmund
  2092 | D:3      | Killed Sigmund
  2093 | D:3      | Reached skill level 6 in Ranged Weapons
  2093 | D:3      | Reached XP level 6. HP: 19/30 MP: 6/6
  2093 | D:3      | 2093 ||| FLEEEEING.
  2094 | D:3      | 2094 ||| FLEEEEING.
  2095 | D:3      | 2095 ||| FLEEEEING.
  2096 | D:3      | 2096 ||| FLEEEEING.
  2097 | D:3      | 2097 ||| FLEEEEING.
  2098 | D:3      | 2098 ||| FLEEEEING.
  2099 | D:3      | 2099 ||| FLEEEEING.
  2100 | D:3      | 2100 ||| FLEEEEING.
  2101 | D:3      | 2101 ||| FLEEEEING.
  2102 | D:3      | 2102 ||| FLEEEEING.
  2103 | D:3      | 2103 ||| FLEEEEING.
  2104 | D:3      | 2104 ||| FLEEEEING.
  2106 | D:3      | 2106 ||| FLEEEEING.
  2107 | D:3      | 2107 ||| FLEEEEING.
  2109 | D:3      | 2109 ||| FLEEEEING.
  2110 | D:3      | 2110 ||| FLEEEEING.
  2111 | D:3      | 2111 ||| FLEEEEING.
  2112 | D:3      | 2112 ||| FLEEEEING.
  2113 | D:3      | 2113 ||| FLEEEEING.
  2115 | D:3      | 2115 ||| FLEEEEING.
  2116 | D:3      | 2116 ||| FLEEEEING.
  2117 | D:3      | 2117 ||| STAIRDANCE
  2701 | D:4      | Noticed Blork the orc
  2703 | D:4      | 2703 ||| STAIRDANCE
  2707 | D:3      | HP: 7/30 [iguana (4)]
  2708 | D:3      | 2708 ||| READING scroll of teleportation.
  2710 | D:3      | Reached skill level 6 in Dodging
  2822 | D:4      | Killed Blork the orc
  2823 | D:4      | Reached skill level 7 in Ranged Weapons
  2845 | D:4      | Reached XP level 7. HP: 35/35 MP: 7/7
  3033 | D:4      | Found a staircase to the Ecumenical Temple.
  3034 | D:4      | 3034 ||| PLANNING TEMPLE
  3034 | D:4      | 3034 ||| UPGRADING to +0 cloak.
  3039 | D:4      | 3039 ||| UPGRADING to amulet of the acrobat.
  3044 | D:4      | 3044 ||| UPGRADING to +6 ring of strength.
  3053 | Temple   | Entered the Ecumenical Temple
  3054 | Temple   | 3054 ||| PLANNING OKAWARU WORSHIP
  3060 | Temple   | Became a worshipper of Warmaster Okawaru
  3061 | Temple   | 3061 ||| PLANNING D:1-11
  3498 | D:4      | 3498 ||| READING 5 scrolls of identify.
  3498 | D:4      | 3498 ||| IDENTIFYING scroll labelled TOLUTAAQIY
  3499 | D:4      | 3499 ||| DROPPING scroll of torment.
  3522 | D:5      | Entered Level 5 of the Dungeon
  3610 | D:5      | Noticed a walking frostbound tome
  3612 | D:5      | Found Jaettul's Book Shop.
  3613 | D:5      | Noticed a walking frostbound tome
  3799 | D:5      | Reached skill level 8 in Ranged Weapons
  3892 | D:5      | Killed from afar by an orc priest

Levels and vault maps discovered:
D:1:      dpeg_arrival_central, layout_basic
D:2:      layout_loops_cross, dreamdust_ecumenical_altar_drowned_temple,
          kennysheep_jessica_study
D:3:      layout_loops_ring, kennysheep_small_spiral, uniq_ijyb, uniq_sigmund,
          uniq_crazy_yiuf_cottage
D:4:      layout_basic, minmay_temple_entry_drinking_statues, uniq_blork_the_orc
D:5:      layout_rooms, serial_shops, nicolae_shop_mannequins,
          guppyfry_early_orc_mine
Temple:   nicolae_temple_bog_church

Skill      XL: |  1  2  3  4  5  6  7 |
---------------+----------------------+-----
Dodging        | 4 5 6 7 |  7.9
Ranged Weapons | 5 6 7 8 |  8.1
Fighting       | 2 |  2.0
Stealth        | |  1.5

Action                     |  1- 3 |  4- 6 |  7- 9 || total
---------------------------+-------+-------+-------++-------
  Melee: Unarmed           |       |    18 |       ||    18
   Fire: Shortbow          |   106 |    81 |   121 ||   308
    Use: Scroll            |     2 |     7 |     1 ||    10
         Potion            |       |     2 |       ||     2
 Armour: Robe              |    12 |    12 |     7 ||    31
         Skin              |       |     4 |       ||     4
  Dodge: Dodged            |    38 |    30 |    29 ||    97

Table legend:
 A = Non-vault XP
 B = Vault XP
 C = Vault XP percentage of total XP
 D = Non-vault monster count
 E = Vault monster count
 F = Vault count percentage of total count
                 A         B        C        D         E       F
            +---------+---------+-------+---------+---------+-------
      Total |     951 |     445 |  31.9 |     105 |      10 |   8.7
            +---------+---------+-------+---------+---------+-------
        D:1 |      53 |       0 |   0.0 |      23 |       0 |   0.0
        D:2 |      45 |      40 |  47.1 |      20 |       3 |  13.0
        D:3 |     193 |     267 |  58.0 |      20 |       2 |   9.1
        D:4 |     267 |      94 |  26.0 |      25 |       1 |   3.8
        D:5 |     393 |      44 |  10.1 |      17 |       4 |  19.0
            +---------+---------+-------+---------+---------+-------
